BLB
PHOENIX ROADRUNNERS @ PHILADELPHIA FREEDOM
07/02/2060
 
TOP OF THE 1ST
Phoenix Roadrunners batting - Pitching for Philadelphia Freedom : LHP Seth Faber
Pitching: LHP Seth Faber
Batting: RHB Rick Anderson 0-0: Fly out, F8 (Flyball, 8RXD, EV 96.2 MPH)
Batting: RHB Harrison Jordan 0-0: SINGLE (Groundball, 6D, EV 105.6 MPH)
Batting: RHB Reginald Botoman 0-0: Ball
1-0: Ball
2-0: Called Strike
2-1: Ball
3-1: Base on Balls
Harrison Jordan to second
Batting: RHB Cody Barkley 0-0: Ball
1-0: Called Strike
1-1: Foul Ball, location: 2F
1-2: Strikes out swinging
Batting: LHB Rayshaun Stuart 0-0: Ball
1-0: Ball
2-0: Ball
3-0: Called Strike
3-1: Foul Ball, location: 2F
3-2: SINGLE (Line Drive, 3L, EV 101.2 MPH)
Harrison Jordan to third
Reginald Botoman to second
Harrison Jordan scores
Reginald Botoman to third
Batting: LHB Devon Cundiff 0-0: Foul Ball, location: 2F
0-1: Called Strike
0-2: Ball
1-2: Ball
2-2: Foul Ball, location: 2F
2-2: Strikes out swinging
Top of the 1st over - 1 run, 2 hits, 0 errors, 2 left on base; Phoenix 1 - Philadelphia 0
BOTTOM OF THE 1ST
Philadelphia Freedom batting - Pitching for Phoenix Roadrunners : RHP Chad Flanigan
Pitching: RHP Chad Flanigan
Batting: RHB Walter Muller 0-0: Ball
1-0: Called Strike
1-1: Ball
2-1: Ball
3-1: Base on Balls
Batting: RHB Wellington Wingate 0-0: Swinging Strike
0-1: Ball
Walter Muller steals 2nd base
1-1: Called Strike
1-2: Foul Ball, location: 2F
1-2: Ball
2-2: Ball
3-2: Fly out, F3 (Popup, 34, EV 71.2 MPH)
Batting: LHB Rob Morris 0-0: Foul Ball, location: 2F
0-1: Ball
Walter Muller is caught stealing 3rd base 2-5
1-1: Swinging Strike
1-2: Strikes out looking
Bottom of the 1st over - 0 runs, 0 hits, 0 errors, 0 left on base; Phoenix 1 - Philadelphia 0
TOP OF THE 2ND
Phoenix Roadrunners batting - Pitching for Philadelphia Freedom : LHP Seth Faber
Batting: RHB Jett Speer 0-0: Ball
1-0: Ball
2-0: Ball
3-0: Called Strike
3-1: SINGLE (Groundball, 6D, EV 94.4 MPH)
Batting: RHB Boone Gellings 0-0: Fly out, F5 (Line Drive, 5L, EV 67.5 MPH)
Batting: LHB Neil Wanat 0-0: Called Strike
0-1: Called Strike
0-2: Strikes out looking
Batting: RHB Rick Anderson 0-0: Ball
1-0: Ball
2-0: Ground out 4-3 (Groundball, 34D, EV 96.9 MPH)
Top of the 2nd over - 0 runs, 1 hit, 0 errors, 1 left on base; Phoenix 1 - Philadelphia 0
BOTTOM OF THE 2ND
Philadelphia Freedom batting - Pitching for Phoenix Roadrunners : RHP Chad Flanigan
Batting: LHB Sage Emerson 0-0: Foul Ball, location: 2F
0-1: Foul Ball, location: 2F
0-2: Ball
1-2: Ball
2-2: Strikes out swinging, 2-3 out at first.
Batting: RHB Joseph Flynn 0-0: Called Strike
0-1: Called Strike
0-2: Ball
1-2: Strikes out swinging
Batting: RHB Markel Crawford 0-0: Called Strike
0-1: Called Strike
0-2: Ball
1-2: Strikes out swinging
Bottom of the 2nd over - 0 runs, 0 hits, 0 errors, 0 left on base; Phoenix 1 - Philadelphia 0
TOP OF THE 3RD
Phoenix Roadrunners batting - Pitching for Philadelphia Freedom : LHP Seth Faber
Batting: RHB Harrison Jordan 0-0: Called Strike
0-1: Fly out, F8 (Flyball, 78XD, EV 89.4 MPH)
Batting: RHB Reginald Botoman 0-0: Swinging Strike
0-1: Foul Ball, location: 2F
0-2: Ball
1-2: Foul Ball, location: 2F
1-2: Hit by Pitch
Batting: RHB Cody Barkley 0-0: Swinging Strike
0-1: Ball
Reginald Botoman steals 2nd, throwing error, E2
Reginald Botoman to third
1-1: Foul Ball, location: 2F
1-2: Strikes out swinging
Batting: LHB Rayshaun Stuart 0-0: Swinging Strike
0-1: Called Strike
0-2: Ball
1-2: Strikes out swinging
Top of the 3rd over - 0 runs, 0 hits, 1 error, 1 left on base; Phoenix 1 - Philadelphia 0
BOTTOM OF THE 3RD
Philadelphia Freedom batting - Pitching for Phoenix Roadrunners : RHP Chad Flanigan
Batting: RHB James Lester 0-0: Swinging Strike
0-1: Ball
1-1: Foul Ball, location: 2F
1-2: SOLO HOME RUN (Line Drive, 78XD, EV 106.2 MPH), Distance : 412 ft
Batting: RHB Phillip Cox 0-0: Ball
1-0: Swinging Strike
1-1: Fly out, F7 (Flyball, 7, EV 85.6 MPH)
Batting: RHB Garret Connors 0-0: Called Strike
0-1: SOLO HOME RUN (Flyball, 7D, EV 96.9 MPH), Distance : 382 ft
Batting: RHB Walter Muller 0-0: Ball
1-0: Foul Ball, location: 2F
1-1: Ball
2-1: Fly out, F7 (Flyball, 8LM, EV 95.6 MPH)
Batting: RHB Wellington Wingate 0-0: Called Strike
0-1: Foul Ball, location: 2F
0-2: Strikes out swinging
Bottom of the 3rd over - 2 runs, 2 hits, 0 errors, 0 left on base; Phoenix 1 - Philadelphia 2
TOP OF THE 4TH
Phoenix Roadrunners batting - Pitching for Philadelphia Freedom : LHP Seth Faber
Batting: LHB Devon Cundiff 0-0: Fly out, F7 (Flyball, 7LMF, EV 93.1 MPH)
Batting: RHB Jett Speer 0-0: Ball
1-0: Called Strike
1-1: Called Strike
1-2: Foul Ball, location: 2F
1-2: Ground out 5-3 (Groundball, 56S, EV 88.8 MPH)
Batting: RHB Boone Gellings 0-0: Called Strike
0-1: Ball
1-1: Foul Ball, location: 2F
1-2: Fly out, F9 (Flyball, 9LM, EV 96.9 MPH)
Top of the 4th over - 0 runs, 0 hits, 0 errors, 0 left on base; Phoenix 1 - Philadelphia 2
BOTTOM OF THE 4TH
Philadelphia Freedom batting - Pitching for Phoenix Roadrunners : RHP Chad Flanigan
Batting: LHB Rob Morris 0-0: SOLO HOME RUN (Line Drive, 9LD, EV 98.1 MPH), Distance : 375 ft
Batting: LHB Sage Emerson 0-0: Called Strike
0-1: Ball
1-1: Ball
2-1: Foul Ball, location: 2F
2-2: Strikes out swinging
Batting: RHB Joseph Flynn 0-0: Ground out 6-3 (Groundball, 56, EV 104.4 MPH)
Batting: RHB Markel Crawford 0-0: Called Strike
0-1: SINGLE (Groundball, 56S, EV 71.2 MPH) (infield hit)
Batting: RHB James Lester 0-0: Ball
1-0: Ball
Markel Crawford steals 2nd base
2-0: DOUBLE (Flyball, 8LXD, EV 103.1 MPH)
Markel Crawford scores
Batting: RHB Phillip Cox 0-0: Swinging Strike
0-1: Ball
1-1: 2-RUN HOME RUN (Flyball, 7D, EV 95.0 MPH), Distance : 365 ft
Pitching: LHP Keegan Groves
Batting: RHB Garret Connors 0-0: Called Strike
0-1: Called Strike
0-2: Ball
1-2: Strikes out looking
Bottom of the 4th over - 4 runs, 4 hits, 0 errors, 0 left on base; Phoenix 1 - Philadelphia 6
TOP OF THE 5TH
Phoenix Roadrunners batting - Pitching for Philadelphia Freedom : LHP Seth Faber
Batting: LHB Neil Wanat 0-0: Called Strike
0-1: Ball
1-1: Foul Ball, location: 2F
1-2: Ball
2-2: Ball
3-2: Strikes out swinging
Batting: RHB Rick Anderson 0-0: Called Strike
0-1: Foul Ball, location: 2F
0-2: Strikes out swinging
Batting: RHB Harrison Jordan 0-0: DOUBLE (Line Drive, 78XD, EV 104.4 MPH)
Batting: RHB Reginald Botoman 0-0: Ball
1-0: Called Strike
1-1: SINGLE (Flyball, 34D, EV 88.8 MPH)
Harrison Jordan to third
Batting: RHB Cody Barkley 0-0: Called Strike
0-1: Ball
1-1: Swinging Strike
1-2: Strikes out looking
Top of the 5th over - 0 runs, 2 hits, 0 errors, 2 left on base; Phoenix 1 - Philadelphia 6
BOTTOM OF THE 5TH
Philadelphia Freedom batting - Pitching for Phoenix Roadrunners : LHP Keegan Groves
Batting: RHB Walter Muller 0-0: Called Strike
0-1: Ball
1-1: Ball
2-1: DOUBLE (Flyball, 8RXD, EV 103.1 MPH)
Batting: RHB Wellington Wingate 0-0: Fly out, F8 (Flyball, 8RXD, EV 95.0 MPH)
Runner from 2nd tags up, SAFE at 3rd, no throw by CF
Batting: LHB Rob Morris 0-0: Foul Ball, location: 2F
0-1: Swinging Strike
0-2: Ball
1-2: Ball
2-2: Foul Ball, location: 2F
2-2: Strikes out swinging
Batting: LHB Sage Emerson 0-0: Ball
1-0: Swinging Strike
1-1: Called Strike
1-2: Strikes out looking
Bottom of the 5th over - 0 runs, 1 hit, 0 errors, 1 left on base; Phoenix 1 - Philadelphia 6
TOP OF THE 6TH
Phoenix Roadrunners batting - Pitching for Philadelphia Freedom : LHP Seth Faber
Batting: LHB Rayshaun Stuart 0-0: Ball
1-0: Ball
2-0: DOUBLE (Line Drive, 89D, EV 110.6 MPH)
Batting: LHB Devon Cundiff 0-0: Foul Ball, location: 2F
0-1: SINGLE (Line Drive, 6D, EV 99.4 MPH)
Rayshaun Stuart to third
Batting: RHB Jett Speer 0-0: Ball
Devon Cundiff steals 2nd base (no throw)
1-0: Called Strike
1-1: Called Strike
1-2: Strikes out swinging
Batting: RHB Boone Gellings 0-0: Ball
1-0: Ball
2-0: Ball
3-0: Base on Balls
Batting: LHB Neil Wanat 0-0: Fly out, F8 (Flyball, 8LD, EV 103.1 MPH)
Batting: RHB Rick Anderson 0-0: Called Strike
0-1: Ball
1-1: Fly out, F6 (Popup, 56D, EV 55.6 MPH)
Top of the 6th over - 0 runs, 2 hits, 0 errors, 3 left on base; Phoenix 1 - Philadelphia 6
BOTTOM OF THE 6TH
Philadelphia Freedom batting - Pitching for Phoenix Roadrunners : LHP Keegan Groves
Batting: RHB Joseph Flynn 0-0: Called Strike
0-1: Ball
1-1: Foul Ball, location: 2F
1-2: Fly out, F7 (Line Drive, 7, EV 86.9 MPH)
Batting: RHB Markel Crawford 0-0: Foul Ball, location: 2F
0-1: Foul Ball, location: 2F
0-2: Ball
1-2: Strikes out swinging
Batting: RHB James Lester 0-0: Ball
1-0: Swinging Strike
1-1: Ball
2-1: Foul Ball, location: 2F
2-2: Foul Ball, location: 2F
2-2: Strikes out swinging
Bottom of the 6th over - 0 runs, 0 hits, 0 errors, 0 left on base; Phoenix 1 - Philadelphia 6
TOP OF THE 7TH
Phoenix Roadrunners batting - Pitching for Philadelphia Freedom : LHP Seth Faber
Batting: RHB Harrison Jordan 0-0: Ball
1-0: Ball
2-0: Ball
3-0: Called Strike
3-1: Fly out, F9 (Flyball, 89M, EV 90.0 MPH)
Batting: RHB Reginald Botoman 0-0: Ball
1-0: SINGLE (Line Drive, 89S, EV 100.6 MPH)
Pitching: RHP Alec Goeman
Batting: RHB Cody Barkley 0-0: Called Strike
Reginald Botoman steals 2nd base
0-1: Swinging Strike
0-2: Strikes out swinging
Batting: LHB Rayshaun Stuart 0-0: Fly out, F7 (Flyball, 78S, EV 88.8 MPH)
Top of the 7th over - 0 runs, 1 hit, 0 errors, 1 left on base; Phoenix 1 - Philadelphia 6
BOTTOM OF THE 7TH
Philadelphia Freedom batting - Pitching for Phoenix Roadrunners : LHP Keegan Groves
Pitching: RHP Blake Galik
Batting: RHB Phillip Cox 0-0: Ground out 5-3 (Groundball, 56, EV 102.5 MPH)
Batting: RHB Garret Connors 0-0: Ball
1-0: Ball
2-0: Ball
3-0: Called Strike
3-1: Base on Balls
Batting: RHB Walter Muller 0-0: Called Strike
0-1: Ball
1-1: Foul Ball, location: 2F
1-2: Strikes out looking
Batting: RHB Wellington Wingate 0-0: Ball
1-0: Ball
2-0: Foul Ball, location: 2F
2-1: Foul Ball, location: 2F
2-2: Ball
3-2: Strikes out looking
Bottom of the 7th over - 0 runs, 0 hits, 0 errors, 1 left on base; Phoenix 1 - Philadelphia 6
TOP OF THE 8TH
Phoenix Roadrunners batting - Pitching for Philadelphia Freedom : RHP Alec Goeman
Batting: LHB Devon Cundiff 0-0: Ball
1-0: Ball
2-0: Called Strike
2-1: Foul Ball, location: 2F
2-2: Foul Ball, location: 2F
2-2: Ball
3-2: DOUBLE (Line Drive, 7LM, EV 98.8 MPH)
Batting: RHB Jett Speer 0-0: Swinging Strike
0-1: Called Strike
0-2: Ball
1-2: Ground out 5-3 (Groundball, 56S, EV 75.0 MPH)
Devon Cundiff to third
Batting: RHB Boone Gellings 0-0: Ball
1-0: Ground out 1-3 (Groundball, P, EV 65.0 MPH)
Batting: LHB Neil Wanat 0-0: Called Strike
0-1: Swinging Strike
0-2: Strikes out looking
Top of the 8th over - 0 runs, 1 hit, 0 errors, 1 left on base; Phoenix 1 - Philadelphia 6
BOTTOM OF THE 8TH
Philadelphia Freedom batting - Pitching for Phoenix Roadrunners : RHP Blake Galik
Batting: LHB Rob Morris 0-0: Foul Ball, location: 2F
0-1: Ball
1-1: SINGLE (Line Drive, 4MD, EV 98.8 MPH)
Batting: LHB Sage Emerson 0-0: Called Strike
0-1: Ball
Rob Morris steals 2nd base (no throw)
1-1: Foul Ball, location: 2F
1-2: Strikes out swinging
Batting: RHB Joseph Flynn 0-0: Ball
1-0: Foul Ball, location: 2F
1-1: Ball
2-1: Foul Ball, location: 2F
2-2: Foul Ball, location: 2F
2-2: Fly out, F8 (Flyball, 8RD, EV 97.5 MPH)
Pitching: RHP Cade de Jong
Batting: RHB Markel Crawford 0-0: Ball
1-0: Swinging Strike
1-1: Ball
2-1: Foul Ball, location: 2F
2-2: Strikes out swinging
Bottom of the 8th over - 0 runs, 1 hit, 0 errors, 1 left on base; Phoenix 1 - Philadelphia 6
TOP OF THE 9TH
Phoenix Roadrunners batting - Pitching for Philadelphia Freedom : RHP Alec Goeman
Batting: RHB Rick Anderson 0-0: Swinging Strike
0-1: Ball
1-1: Ball
2-1: Ball
3-1: SINGLE (Line Drive, 4M, EV 98.8 MPH)
Batting: RHB Harrison Jordan 0-0: Ball
1-0: Foul Ball, location: 2F
1-1: Called Strike
1-2: Strikes out looking
Batting: RHB Reginald Botoman 0-0: Ball
1-0: Foul Ball, location: 2F
1-1: Foul Ball, location: 2F
1-2: DOUBLE (Line Drive, 89XD, EV 103.8 MPH)
Rick Anderson to third
Batting: RHB Cody Barkley 0-0: Ball
1-0: Ball
2-0: Fly out, F9 (Flyball, 9S, EV 80.0 MPH)
Batting: LHB Rayshaun Stuart 0-0: Ball
Passed Ball!
Rick Anderson scores
Reginald Botoman to third
1-0: Swinging Strike
1-1: Ball
2-1: Ball
3-1: Base on Balls
Batting: LHB Devon Cundiff 0-0: Fly out, F8 (Flyball, 8LXD, EV 91.9 MPH)
Top of the 9th over - 1 run, 2 hits, 0 errors, 2 left on base; Phoenix 2 - Philadelphia 6
Monday, May 13th , 2024 - OOTP Baseball 23.10 Build 110